 Dungeon Crawl Stone Soup version 0.23.2-40-g277498a (webtiles) character file.

Game seed: 3964028544749263667

136 CrazyJ the Chiller (level 4, -1/35 HPs)
             Began as a Draconian Ice Elementalist on Sept 10, 2019.
             Slain by a gnoll
             ... wielding a +0 spear
              (6 damage)
             ... on level 3 of the Dungeon.
             The game lasted 00:15:12 (3066 turns).

CrazyJ the Chiller (Draconian Ice Elementalist)     Turns: 3066, Time: 00:15:12

Health: -1/35      AC:  5    Str: 12    XL:     4   Next: 98%
Magic:  1/8        EV: 12    Int: 17    God:
Gold:   116        SH:  0    Dex: 11    Spells: 2/8 levels left

rFire    . . .     SeeInvis .   b - +1 trident
rCold    . . .     Gourm    +   (no shield)
rNeg     . . .     Faith    .   (armour unavailable)
rPois    .         Spirit   .   (helmet restricted)
rElec    .         Reflect  .   (no cloak)
rCorr    .         Harm     .   (no gloves)
MR       .....                  (no boots)
Stlth    ++........             o - amulet of the gourmand
HPRegen  0.11/turn              i - +2 ring of strength
MPRegen  0.11/turn              p - ring of wizardry

@: hasted, very quick
A: unfitting armour, cold-blooded, AC +5
a: no special abilities


You were on level 3 of the Dungeon.
You were completely stuffed.

You visited 1 branch of the dungeon, and saw 4 of its levels.

You collected 116 gold pieces.

Inventory:

Hand Weapons
 a - a +0 spear
 b - a +1 trident (weapon)
 j - a +0 halberd
 k - a +0 halberd
Missiles
 e - 71 stones (quivered)
 h - 30 bolts
 m - 30 arrows
Jewellery
 i - a +2 ring of strength (left hand)
 o - an amulet of the gourmand (around neck)
 p - a ring of wizardry (right hand)
Wands
 q - a wand of random effects (17)
Scrolls
 d - 3 scrolls of remove curse
Potions
 l - a potion of curing
 r - a potion of ambrosia {unknown}
Comestibles
 c - a chunk of flesh


   Skills:
 + Level 1.5 Fighting
 + Level 1.3 Polearms
 + Level 2.4 Dodging
 - Level 1.7 Stealth
 * Level 2.8 Spellcasting
 + Level 1.3 Conjurations
 + Level 0.7 Charms
 * Level 3.8 Ice Magic


You had 2 spell levels left.
You knew the following spells:

 Your Spells              Type           Power        Failure   Level  Hunger
a - Freeze                Ice            ###.         1%          1    #......
b - Throw Frost           Conj/Ice       ##....       4%          2    ##.....
c - Ozocubu's Armour      Chrm/Ice       ##......     9%          3    ###....

Your spell library contained the following spells:

 Spells                   Type           Power        Failure   Level  Hunger
 Throw Icicle             Conj/Ice       ##......     24%         4    #####..
 Summon Ice Beast         Ice/Summ       #.......     32%         4    #####..


Dungeon Overview and Level Annotations

Branches:
Dungeon (4/15)
 Temple: D:4-7

Altars:
Dithmenos

Annotations:
D:2 Jessica
D:3 Robin


Innate Abilities, Weirdness & Mutations

Your plain brown scales are hard. (AC +5)
You cannot fit into any form of body armour.
You are cold-blooded and may be slowed by cold attacks.


Message History

Press: ? - help, Shift-Dir - straight line, f/p - gnoll
Aim: a gnoll, wielding a +0 spear and wearing a +0 chain mail (lightly wounded)
You freeze the gnoll!
The gnoll is severely wounded.
Evoke which item? (* to show all) (? for menu, Esc to quit)
Attack whom?
Press: ? - help, Dir - move target cursor, f/p - gnoll
Aim: a gnoll, wielding a +0 spear and wearing a +0 chain mail (severely wounded)
You hit the gnoll but do no damage.
The gnoll is severely wounded.
The gnoll hits you with a +0 spear.
* * * LOW HITPOINT WARNING * * *
Evoke which item? (* to show all) (? for menu, Esc to quit)
Attack whom?
Press: ? - help, Dir - move target cursor, f/p - gnoll
Aim: a gnoll, wielding a +0 spear and wearing a +0 chain mail (severely wounded)
You hit the gnoll but do no damage. You tail-slap the gnoll.
The gnoll is severely wounded.
The gnoll hits you with a +0 spear.
You die...

....####.....#.#
*,* *,****
...............#
*,***,*
...#...........#
*,,,,,*
####.....g.....#
*******
).......#####..#
####(...# #..##
#....# ##..##
#....# #..g#
#....# ##.@#
#....# #.>#
###### ####


You could see a gnoll.

Vanquished Creatures
  2 adders (D:2)
  5 gnolls
  2 dart slugs
  A leopard gecko (D:2)
  6 orcs (D:3)
  3 giant cockroaches
  5 goblins
  4 hobgoblins
  5 jackals (D:3)
  3 quokkas
  2 ball pythons (D:1)
  6 bats
  3 frilled lizards
  7 kobolds
  3 rats
57 creatures vanquished.

Notes
Turn   | Place    | Note
-------+----------+-------------------------------------------
     0 | D:1      | CrazyJ the Draconian Ice Elementalist began the quest for
                  | the Orb.
     0 | D:1      | Reached XP level 1. HP: 14/14 MP: 3/3
   224 | D:1      | Reached XP level 2. HP: 1/22 MP: 5/5
   810 | D:1      | Reached skill level 1 in Fighting
   841 | D:1      | Reached XP level 3. HP: 15/28 MP: 1/6
   892 | D:1      | Learned a level 2 spell: Throw Frost
   896 | D:1      | Learned a level 3 spell: Ozocubu's Armour
  1379 | D:2      | Reached skill level 1 in Polearms
  1516 | D:2      | Found a shadowy altar of Dithmenos.
  1907 | D:2      | Noticed Jessica
  2252 | D:3      | Reached XP level 4. HP: 34/35 MP: 7/7
  2793 | D:3      | Noticed Robin
  3066 | D:3      | Slain by a gnoll

Skill      XL: |  1  2  3 |
---------------+----------+-----
Fighting       | 1 |  1.5
Dodging        | 2 |  2.4
Polearms       | 1 |  1.3
Stealth        | |  1.7
Spellcasting   | |  2.8
Conjurations   | |  1.3
Charms         | |  0.7
Ice Magic      | |  3.8

Action                   |  1- 3 |  4- 6 || total
-------------------------+-------+-------++-------
Melee: Spear             |    61 |    44 ||   105
       Tailslap          |     8 |    14 ||    22
       Halberd           |    61 |       ||    61
       Trident           |       |    29 ||    29
 Cast: Freeze            |     9 |     7 ||    16
       Throw Frost       |     3 |    11 ||    14
       Ozocubu's Armour  |       |     2 ||     2
  Use: Potion            |     2 |     2 ||     4
       Scroll            |     1 |     5 ||     6
 Stab: Sleeping          |     1 |       ||     1
  Eat: Chunk             |     1 |    26 ||    27
       Ration            |     1 |       ||     1
Armor: Skin              |    58 |    60 ||   118
Dodge: Dodged            |    92 |   131 ||   223
